 Dungeon Crawl Stone Soup version 0.29.0-13-gc9e81de378 (webtiles) character file.

Game seed: 18228345913417135679

21310 LustLizard the Grappler (level 12, -1/122 HPs)
             Began as a Troll Fighter on Sept 9, 2022.
             Was a High Priest of Wu Jian.
             Slain by an eight-headed hydra (11 damage)
             ... on level 1 of the Lair of Beasts.
             The game lasted 00:28:05 (11346 turns).

LustLizard the Grappler (Troll Fighter)            Turns: 11346, Time: 00:28:06

Health: -1/122     AC: 15    Str: 27    XL:     12   Next: 53%
Magic:  0/11       EV:  9    Int: 14    God:    Wu Jian [*****.]
Gold:   1193       SH: 11    Dex: 15    Spells: 11/11 levels left

rFire   x . .      SeeInvis +   i - +4 mace
rCold   + + .      Faith    .   b - +0 kite shield
rNeg    . . .      Spirit   +   s - +0 ice dragon scales
rPois   .          Reflect  .   I - +1 hat {SInv}
rElec   .          Harm     .   O - +2 cloak
rCorr   .          Rampage  .   (gloves unavailable)
Will    .....                   (boots unavailable)
Stlth   ..........              V - amulet of guardian spirit
HPRegen 1.10/turn               U - +6 ring of dexterity
MPRegen 0.12/turn               T - +6 ring of intelligence

@: mighty
A: large, unfitting armour, claws 3, regeneration 1, shaggy fur 1, tough skin 1
a: Renounce Religion, Wall Jump, Serpent's Lash, Heavenly Storm


You were on level 1 of the Lair of Beasts.
You worshipped Wu Jian.
Wu Jian was extremely pleased with you.
You visited 2 branches of the dungeon, and saw 12 of its levels.
You also visited: Sewer.

You collected 1193 gold pieces.

Inventory:

Hand Weapons
 i - a +4 mace (weapon)
Missiles
 l - 70 stones
 x - 51 poisoned darts (quivered)
 A - a throwing net
 D - 6 atropa-tipped darts
Armour
 a - a +0 robe
 b - a +0 kite shield (worn)
 s - +0 ice dragon scales (worn)
 u - a +0 cloak
 G - +0 steam dragon scales
 I - a +1 hat of see invisible (worn)
 O - a +2 cloak (worn)
Jewellery
 d - a ring of protection from fire
 n - a ring of fire
 J - an amulet of faith
 T - a +6 ring of intelligence (right claw)
 U - a +6 ring of dexterity (left claw)
 V - an amulet of guardian spirit (around neck)
Wands
 g - a wand of roots (13)
 E - a wand of flame (15)
 K - a wand of polymorph (10)
 Q - a wand of quicksilver (7)
 S - a wand of mindburst (7)
Scrolls
 f - 5 scrolls of vulnerability
 k - 3 scrolls of noise
 o - 3 scrolls of fear
 r - 2 scrolls of torment {unknown}
 v - 2 scrolls of blinking {unknown}
 w - 2 scrolls of butterflies
 y - 2 scrolls of magic mapping {unknown}
 F - 2 scrolls of immolation {unknown}
 P - a scroll of enchant armour
Potions
 c - a potion of might
 e - 6 potions of degeneration
 h - 4 potions of curing
 j - a potion of lignification
 m - 2 potions of heal wounds
 p - 6 potions of brilliance
 q - 4 potions of attraction
 t - a potion of magic
 B - 2 potions of mutation
 H - 2 potions of resistance
 L - 2 potions of haste
 M - 3 potions of flight
 N - a potion of cancellation
 R - 2 potions of berserk rage


   Skills:
 + Level 8.8 Fighting
 + Level 6.5 Dodging
 + Level 9.6 Shields
 * Level 14.1 Unarmed Combat


You had 11 spell levels left.
You didn't know any spells.
Your spell library contained the following spells:

 Spells                   Type           Power      Damage    Failure   Level
 Necrotise                Necr           0%         1d4       83%         1
 Ensorcelled Hibernation  Hex/Ice        0%         N/A       93%         2
 Passwall                 Tmut/Erth      0%         N/A       93%         2
 Portal Projectile        Hex/Tloc       0%         N/A       99%         3
 Stone Arrow              Conj/Erth      0%         3d7       99%         3
 Swiftness                Air            0%         N/A       99%         3
 Tukima's Dance           Hex            0%         N/A       99%         3
 Vampiric Draining        Necr           0%         2d6       99%         3
 Animate Armour           Summ/Erth      0%         N/A       100%        4
 Agony                    Necr           0%         N/A       100%        5
 Blade Hands              Tmut           0%         N/A       100%        5
 Lehudib's Crystal Spear  Conj/Erth      0%         10d2      100%        8


Dungeon Overview and Level Annotations

Branches:
Dungeon (11/15)            Temple (0/1) D:6            Lair (1/5) D:9
  Sewer (visited)
    Orc: D:9-12

Altars:
Dithmenos
Elyvilon
Fedhas
Gozag
Kikubaaqudgha
Nemelex Xobeh
Ru
Sif Muna
Uskayaw
Wu Jian
Xom
Yredelemnul
Zin
The Shining One

Shops:
D:4 *   D:10 *

Annotations:
D:7 3 runed translucent doors, CertainDeath's ghost, novice TrTm


Innate Abilities, Weirdness & Mutations

You are too large for most types of armour.
You have claws for hands.
Your natural rate of healing is unusually fast.
You are covered in fur. (AC +1)
You have tough skin. (AC +1)


Message History

You start resting.
An eight-headed hydra is nearby!
You close the door.
As you read the scroll of summoning, it crumbles to dust.
Wisps of shadow whirl around you...
You open the door.
The eight-headed hydra bites your bullfrog.
The eight-headed hydra bites your bullfrog! x2
Your bullfrog dies!
Your bullfrog's corpse dissolves into shadows!
The eight-headed hydra bites your black mamba!
The eight-headed hydra misses your black mamba.
The eight-headed hydra barely misses your black mamba.
The eight-headed hydra misses your black mamba.
The eight-headed hydra bites your black mamba! x2
Your black mamba dies!
Your black mamba's corpse dissolves into shadows!
The eight-headed hydra bites your bullfrog.
The eight-headed hydra closely misses your bullfrog.
The eight-headed hydra bites your bullfrog.
The eight-headed hydra bites your bullfrog! x2
Your bullfrog dies!
Your bullfrog's corpse dissolves into shadows!
The eight-headed hydra misses your basilisk.
The eight-headed hydra bites your basilisk! x4
Your basilisk dies!
Your basilisk's corpse dissolves into shadows!
Unknown command.
The eight-headed hydra attacks as you move away!
The eight-headed hydra bites you.
* * * LOW HITPOINT WARNING * * *
The eight-headed hydra bites you!
* * * LOW HITPOINT WARNING * * *
The eight-headed hydra bites you!
* * * LOW HITPOINT WARNING * * *
The eight-headed hydra bites you!
* * * LOW HITPOINT WARNING * * *
The eight-headed hydra bites you but does no damage. x2
The eight-headed hydra bites you!
You die...

~~...# #...........#
≈≈...# ## #........ ..#
≈~~..##.###
#.......#..#
~≈..........
#..#.#.#..#
≈~..........###.......#
~~...###P##...#......#
......# # #....##'###
.P...## ###..#D.#
##...# #..@..#
#....#### #..####
#....##.######..###
#.................#
##...#######P###.##
##### ### ###


You could see an eight-headed hydra.

Vanquished Creatures
  Josephine (D:10)
  A boulder beetle (D:11)
  A hydra (D:11)
  3 two-headed ogres
  Lodul (D:10)
  A cyclops (D:11)
  A spectral centaur (D:10)
  A centaur zombie (D:10)
  A manticore (D:11)
  Maurice (D:8)
  2 black mambas (Lair:1)
  Maggie (D:6)
  A torpor snail (Lair:1)
  2 kobold demonologists (D:11)
  An unseen horror zombie (D:10)
  A rime drake (Lair:1)
  A komodo dragon (Lair:1)
  A troll (D:9)
  The ghost of Persephone the Chopper, an amateur MiBe of Trog (D:4)
  2 hornets
  Prince Ribbit (D:8)
  The ghost of bchevrier the Protected, an amateur GnWn (D:3)
  Grinder (D:5)
  3 shadows
  14 yaks
  A water elemental (D:11)
  5 wraiths
  A basilisk (Lair:1)
  Grum (D:8)
  A vampire mosquito (D:11)
  Edmund (D:4)
  An acid dragon (D:11)
  A water moccasin (Lair:1)
  3 orc warriors
  A sky beast (D:7)
  3 ice beasts
  2 black bears
  8 ogres
  3 centaurs
  8 wolves
  A phantom (D:7)
  6 kobold brigands
  13 bullfrogs
  A necrophage (D:8)
  9 scorpions
  A gnoll sergeant (D:8)
  9 wights
  20 killer bees
  A howler monkey (D:8)
  6 electric eels
  10 hounds
  9 orc priests
  3 jellies
  2 centaur skeletons (D:10)
  5 iguanas
  6 orc wizards
  7 gnolls
  18 adders
  3 river rats (Sewer)
  2 shadow imps
  2 white imps (D:7)
  An ufetubus (D:6)
  3 worms
  A dart slug (D:1)
  20 orcs
  8 endoplasms
  A giant cockroach (D:1)
  12 goblins
  4 hobgoblins
  6 jackals
  5 quokkas
  15 ball pythons
  9 bats
  4 frilled lizards
  24 kobolds
  7 rats
  A rat zombie (D:4)
340 creatures vanquished.

Vanquished Creatures (others)
  A fungus (Lair:1)
  17 plants
18 creatures vanquished.

Grand Total: 358 creatures vanquished

Notes
Turn   | Place    | Note
-------+----------+-------------------------------------------
     0 | D:1      | LustLizard the Troll Fighter began the quest for the Orb.
     0 | D:1      | Reached XP level 1. HP: 22/22 MP: 0/0
    79 | D:1      | Reached XP level 2. HP: 29/29 MP: 1/1
   405 | D:1      | Reached XP level 3. HP: 36/36 MP: 2/2
   574 | D:1      | Found a faded altar of an unknown god.
   807 | D:2      | Reached skill level 3 in Unarmed Combat
  1230 | D:2      | You fall into a shaft and drop 2 floors!
  1257 | D:4      | Found an ancient bone altar of Kikubaaqudgha.
  1269 | D:4      | Found a runed translucent door.
  1272 | D:4      | Noticed a bullfrog
  1273 | D:4      | Noticed Persephone's ghost (amateur MiBe)
  1420 | D:3      | Reached XP level 4. HP: 44/44 MP: 3/3
  1534 | D:3      | Found a transporter.
  1553 | D:3      | Noticed bchevrier's ghost (amateur GnWn)
  1852 | D:3      | Found an ornate altar of the Wu Jian Council.
  1860 | D:3      | Became a worshipper of the Wu Jian Council
  1926 | D:3      | Found a transporter.
  2339 | D:4      | Noticed a scorpion
  2350 | D:4      | Killed a scorpion
  2351 | D:4      | Reached skill level 4 in Unarmed Combat
  2351 | D:4      | Reached XP level 5. HP: 6/53 MP: 4/4
  2600 | D:4      | Reached * piety under Wu Jian
  2601 | D:4      | Reached XP level 6. HP: 61/61 MP: 5/5
  2617 | D:4      | Found a white marble altar of Elyvilon.
  2668 | D:4      | Found Guecohir's Neck Hole.
  2813 | D:4      | Found a shimmering blue altar of Sif Muna.
  2823 | D:4      | Noticed Edmund
  2843 | D:4      | Killed Edmund
  2844 | D:4      | Reached skill level 5 in Unarmed Combat
  3209 | D:4      | Found a basalt altar of Yredelemnul.
  3281 | D:5      | Entered Level 5 of the Dungeon
  3310 | D:5      | Reached XP level 7. HP: 58/68 MP: 6/6
  3350 | D:5      | Reached skill level 6 in Unarmed Combat
  3437 | D:5      | Found a glowing drain.
  3455 | Sewer    | Entered a sewer
  3831 | Sewer    | Reached ** piety under Wu Jian
  4173 | D:5      | Reached XP level 8. HP: 79/79 MP: 7/7
  4181 | D:5      | Reached skill level 5 in Shields
  4220 | D:5      | Reached skill level 7 in Unarmed Combat
  4490 | D:5      | Noticed Grinder
  4504 | D:5      | Killed Grinder
  4505 | D:5      | Reached skill level 5 in Fighting
  4785 | D:3      | Killed bchevrier's ghost
  4786 | D:3      | Reached skill level 8 in Unarmed Combat
  4926 | D:4      | Killed Persephone's ghost
  4927 | D:4      | Reached XP level 9. HP: 77/88 MP: 8/8
  5127 | D:6      | Noticed Maggie
  5144 | D:6      | Killed Maggie
  5145 | D:6      | Reached skill level 9 in Unarmed Combat
  5196 | D:6      | Found a staircase to the Ecumenical Temple.
  5404 | D:6      | Found a shadowy altar of Dithmenos.
  5861 | D:7      | Reached skill level 10 in Unarmed Combat
  5889 | D:7      | Found a sacrificial altar of Ru.
  5936 | D:7      | Found a runed translucent gate.
  5938 | D:7      | Found a runed translucent gate.
  5938 | D:7      | Found a runed translucent gate.
  5941 | D:7      | Noticed CertainDeath's ghost (novice TrTm)
  6039 | D:7      | Reached *** piety under Wu Jian
  6238 | D:7      | Found a sparkling altar of Nemelex Xobeh.
  6285 | D:7      | Reached XP level 10. HP: 99/100 MP: 9/9
  6554 | D:8      | Found an opulent altar of Gozag.
  6625 | D:8      | Noticed Grum
  6626 | D:8      | Found a shimmering altar of Xom.
  6631 | D:8      | Killed Grum
  6673 | D:8      | Noticed Maurice
  6682 | D:8      | Killed Maurice
  6683 | D:8      | Reached skill level 11 in Unarmed Combat
  6707 | D:8      | Noticed Prince Ribbit
  6715 | D:8      | Killed Prince Ribbit
  6729 | D:8      | Reached **** piety under Wu Jian
  7320 | D:9      | Found a glowing silver altar of Zin.
  7506 | D:9      | Found a staircase to the Lair.
  8256 | D:10     | Entered Level 10 of the Dungeon
  8288 | D:10     | Found a blossoming altar of Fedhas.
  8289 | D:10     | Identified a scroll of acquirement
  8291 | D:10     | Acquired a +1 hat of see invisible
  8429 | D:10     | Reached XP level 11. HP: 88/106 MP: 10/10
  8485 | D:10     | Noticed Josephine
  8502 | D:10     | Killed Josephine
  8503 | D:10     | Reached skill level 12 in Unarmed Combat
  8541 | D:10     | Found a glowing golden altar of the Shining One.
  8720 | D:10     | Reached ***** piety under Wu Jian
  8721 | D:10     | Noticed a two-headed ogre
  8732 | D:10     | Killed a two-headed ogre
  8823 | D:10     | Noticed Lodul
  8955 | D:10     | Found Cinusif's Gadget Gallery.
  9047 | D:10     | Reached skill level 5 in Dodging
  9196 | D:10     | Found a shimmering altar of Xom.
  9196 | D:10     | Found a hide-covered altar of Uskayaw.
  9315 | D:10     | Killed Lodul
  9814 | D:11     | Reached skill level 13 in Unarmed Combat
  9814 | D:11     | Noticed a soul eater
 10129 | D:11     | Noticed a boulder beetle
 10131 | D:11     | Noticed a four-headed hydra
 10141 | D:11     | Killed a boulder beetle
 10151 | D:11     | Noticed a two-headed ogre
 10154 | D:11     | Killed a four-headed hydra
 10155 | D:11     | Reached XP level 12. HP: 90/122 MP: 5/11
 10161 | D:11     | Killed a two-headed ogre
 10287 | D:11     | Noticed an eight-headed hydra
 10369 | D:11     | Noticed a two-headed ogre
 10380 | D:11     | Killed a two-headed ogre
 10557 | Lair:1   | Entered Level 1 of the Lair of Beasts
 10704 | Lair:1   | Reached skill level 14 in Unarmed Combat
 11046 | Lair:1   | Noticed an eight-headed hydra
 11346 | Lair:1   | Slain by an eight-headed hydra

Illustrated notes

Levels and vault maps discovered:
D:1:      tarquinn_simple_flora_water_d, layout_basic,
          hellmonk_ecumenical_altar_heavens_door,
          chequers_serial_rivers_large_b, st_stairs_2
D:2:      layout_loops_ring, nicolae_figureground_pulse
D:3:      layout_loops_ring, old_standard_altar, gammafunk_ghost_arena,
          st_stairs_5
D:4:      layout_gridville, kennysheep_ying_yang,
          lemuel_zombie_altar_kikubaaqudgha, mainiacjoe_overflow_cross_hatched,
          ebering_ghost_sewer_d, nicolae_shop_sticking_my_neck_out, uniq_edmund
D:5:      layout_basic, cheibrodos_sewer_entry_drain, minmay_holes,
          chequers_serial_rivers_small_a, minmay_starry_boxes, uniq_grinder
D:6:      layout_loops_ring, nicolae_dithmenos_shadow_blocks,
          minmay_temple_entry_slanted, hangedman_minor_gate_pass, uniq_maggie
D:7:      layout_rooms, mainiacjoe_overflow_concentric_impassable,
          nicolae_ru_sacrificial_ziggurat, gammafunk_ghost_necromancy,
          chequers_serial_rivers_small_b
D:8:      layout_cave_pools, hangedman_feature_mirror,
          chequers_decorated_corner, hangedman_decor_points, uniq_grum,
          uniq_maurice, uniq_prince_ribbit1
D:9:      layout_grid_maze, marbit_many_paths, erik_lair_island, serial_glass,
          glass_columns_a, glass_columns_a, due_unseen_surprise,
          item_on_display_a, feat_on_display
D:10:     layout_loops_corners, fedhas_altar_4, nicolae_tso_swordbearing_angel,
          gammafunk_temple_overflow_pools, nrook_campfire,
          hangedman_weighted_door, nicolae_shop_gadgets, uniq_lodul,
          uniq_josephine
D:11:     layout_basic, david_orc_4, kennysheep_kite_vault
Lair:1:   layout_gridlike, grunt_megastairs_2, infiniplex_staircase_pool_2

Skill      XL: |  1  2  3  4  5  6  7  8  9 10 11 12 |
---------------+-------------------------------------+-----
Shields        | 3 4 6 7 8 9 |  9.6
Unarmed Combat | 3 4 5 6 8 10 11 13 14 | 14.1
Fighting       | 3 4 5 6 7 8 |  8.8
Dodging        | 4 5 6 |  6.5

Action                   |  1- 3 |  4- 6 |  7- 9 | 10-12 || total
-------------------------+-------+-------+-------+-------++-------
Melee: Unarmed           |   122 |   173 |   370 |   580 ||  1245
       Mace              |       |       |       |     4 ||     4
Throw: Stone             |       |     2 |     2 |       ||     4
       Dart              |       |       |     3 |     2 ||     5
Invok: Lunge             |       |    15 |    30 |    38 ||    83
       Whirlwind         |       |       |       |    55 ||    55
 Abil: Wall Jump         |       |       |       |     1 ||     1
  Use: Scroll            |     2 |     4 |     4 |    19 ||    29
       Potion            |       |     1 |       |     3 ||     4
Armor: Robe              |    36 |    52 |       |       ||    88
       Ice dragon scales |       |     5 |   110 |   298 ||   413
       Skin              |       |       |       |    36 ||    36
Dodge: Dodged            |    40 |    68 |    70 |   159 ||   337
Block: Kite shield       |    37 |    60 |    87 |   283 ||   467
